 Dungeon Crawl Stone Soup version 0.20-a0-9-g62d82d9 (webtiles) character file.

3350 Miyamura the Cudgeler (level 9, 0/89 HPs)
             Began as a Troll Fighter on Nov 1, 2016.
             Was a Priest of Cheibriados.
             Killed from afar by Erica (43 damage)
             ... with an exploding inner flame
             ... hexed by the player character
             ... on level 9 of the Dungeon.
             The game lasted 00:16:58 (6527 turns).

Miyamura the Cudgeler (Troll Fighter)               Turns: 6527, Time: 00:16:59

Health: 0/89       AC: 10    Str: 34    XL:     9   Next: 72%
Magic:  8/10       EV: 13    Int: 14    God:    Cheibriados [***...]
Gold:   390        SH: 12    Dex: 18    Spells: 0 memorised, 8 levels left

rFire  . . .     SeeInvis .     a - +0 flail
rCold  . . .     Gourm    +     L - +1 troll leather armour
rNeg   . . .     Faith    +     c - +0 shield
rPois  .         Spirit   .     (helmet restricted)
rElec  .         Reflect  .     h - +1 cloak
rCorr  .         Harm     .     (gloves unavailable)
MR     .....                    (boots unavailable)
Stlth  ++........               w - amulet of faith
                                (no ring)
                                j - ring of stealth

@: lethally poisoned (0 -> 0), flying, very slightly contaminated, hasted and
slowed, very slow
A: unfitting armour, claws 3, fast metabolism 3, gourmand, regeneration 1,
shaggy fur 1, tough skin 2
a: Bend Time, Temporal Distortion, Renounce Religion


You were on level 9 of the Dungeon.
You worshipped Cheibriados.
Cheibriados was most pleased with you.
You were very full.

You visited 2 branches of the dungeon, and saw 10 of its levels.

You collected 390 gold pieces.

Inventory:

Hand Weapons
 a - a +0 flail (weapon)
Missiles
 e - 166 stones (quivered)
Armour
 c - a +0 shield (worn)
 h - a +1 cloak (worn)
 L - a +1 troll leather armour (worn)
Magical Staves
 E - an uncursed staff of cold
Jewellery
 g - an uncursed ring of ice {unknown}
 j - a ring of stealth (left claw)
 n - an uncursed ring of fire
 r - an uncursed ring of wizardry {unknown}
 w - an amulet of faith (around neck)
Wands
 u - a wand of flame (48/48)
 F - a wand of flame (22/48)
Scrolls
 m - a scroll of teleportation
 o - a scroll of enchant weapon {unknown}
 s - a scroll of fear {unknown}
 t - 2 scrolls of fog
 z - 2 scrolls of enchant armour
 A - a scroll of remove curse
 C - 3 scrolls of identify
Potions
 i - a potion of curing
 p - a potion of heal wounds
 v - 2 potions of flight
Books
 y - a book of Geomancy

   Spells                             Type                      Level
   a - Sandblast                      Earth                        1
   b - Passwall                       Transmutation/Earth          2
   c - Stone Arrow                    Conjuration/Earth            3
   d - Petrify                        Transmutation/Earth          4
   e - Lee's Rapid Deconstruction     Earth                        5
 G - a book of Enchantments

   Spells                             Type                      Level
   a - Cause Fear                     Hexes                        4
   b - Yara's Violent Unravelling     Hexes/Transmutation          5
   c - Silence                        Hexes/Air                    5
   d - Deflect Missiles               Charms/Air                   6
   e - Discord                        Hexes                        8
Comestibles
 d - 7 slices of pizza
 f - 7 bread rations
 q - 4 beef jerkies
 B - a meat ration


   Skills:
 + Level 6.1 Fighting
 + Level 6.3 Maces & Flails
 + Level 6.0 Dodging
 + Level 6.1 Shields
 + Level 3.0 Invocations


You had 8 spell levels left.
You didn't know any spells.

Dungeon Overview and Level Annotations

Branches:
Dungeon (9/15)             Temple (1/1) D:4            Lair (0/6) D:8
    Orc: D:9-12

Altars:
Ashenzari
Cheibriados
Dithmenos
Elyvilon
Fedhas
Gozag
Hepliaklqana
Kikubaaqudgha
Makhleb
Nemelex Xobeh
Okawaru
Qazlal
Ru
Sif Muna
Trog
Uskayaw
Vehumet
Yredelemnul
The Shining One

Shops:
D:4 =

Annotations:
D:3 Capuchin's ghost, amateur MiFi


Innate Abilities, Weirdness & Mutations

You are too large for most types of armour.
You have claws for hands.
Your metabolism is lightning-fast.
You like to eat raw meat.
Your natural rate of healing is unusually fast.
You are covered in fur. (AC +1)
You have very tough skin. (AC +2)


Message History

Erica is moderately wounded.
You barely miss Erica.
Erica is moderately wounded.
Erica gestures at you while chanting. The bolt of poison hits you!
You are poisoned.
You closely miss Erica.
Erica is moderately wounded.
You feel sick. Erica barely misses you.
You sock Erica!
Erica is severely wounded.
You feel sick.
You sock Erica!
Erica is almost dead.
Erica hits you with a scimitar of flaming.
Erica burns you.
You bludgeon Erica!!
Erica explodes!
The fiery explosion engulfs you!
You die...

##.......#####§.####.##.#####
.'.......§§{§§......>##.#
##.......######......##.#
*#.......# #......##.#
*#.......# #......##.#
*##############..##'###.# *
###......§§##.....# *
#.'......§.##.##### *
#.#......§@##.# *
#.#.........#.#
#.#.......#.#.#
#.####+##.#...# #.#
#........# #######.#
#######..#
........##########..#
................))).#
....[...##########..#


There were no monsters in sight!

Vanquished Creatures
  A kobold demonologist (D:8)
  A troll (D:9)
  A wyvern (D:9)
  A human (D:8)
  2 yaks (D:8)
  2 hogs (D:8)
  A hungry ghost (D:9)
  2 ice beasts
  A sky beast (D:6)
  A phantom (D:6)
  A necrophage (D:5)
  4 ogres
  A centaur (D:5)
  3 big kobolds
  A bullfrog (D:8)
  A wyvern zombie (D:9)
  A wyvern skeleton (D:6)
  A scorpion (D:4)
  A bullfrog skeleton (D:9)
  An orc priest (D:5)
  2 jellies (D:8)
  3 hounds
  5 worker ants
  2 iguanas
  Robin (D:3)
  A howler monkey zombie (D:5)
  A worker ant zombie (D:6)
  9 adders
  A shadow imp (D:6)
  An adder skeleton (D:9)
  3 adder zombies
  A worm (D:2)
  A dart slug (D:5)
  2 leopard geckos
  10 orcs
  6 bats
  9 giant cockroaches
  9 goblins
  10 hobgoblins
  10 jackals
  17 kobolds
  3 quokkas
  2 ball pythons (D:2)
  A ball python skeleton (D:4)
  7 frilled lizards
  2 leopard gecko skeletons
  4 rats
151 creatures vanquished.

Vanquished Creatures (others)
  A kobold (D:9)
1 creature vanquished.

Grand Total: 152 creatures vanquished

Notes
Turn   | Place    | Note
-------+----------+-------------------------------------------
     0 | D:1      | Miyamura the Troll Fighter began the quest for the Orb.
     0 | D:1      | Reached XP level 1. HP: 22/22 MP: 0/0
   202 | D:1      | Reached XP level 2. HP: 28/29 MP: 1/1
   673 | D:2      | Reached XP level 3. HP: 36/36 MP: 2/2
   687 | D:2      | Found a glowing golden altar of the Shining One.
  1477 | D:3      | Noticed Capuchin's ghost (amateur MiFi)
  1678 | D:3      | Reached XP level 4. HP: 40/44 MP: 3/3
  2020 | D:3      | Noticed Robin
  2034 | D:3      | Killed Robin
  2243 | D:4      | Reached XP level 5. HP: 47/53 MP: 4/4
  2486 | D:4      | Found a basalt altar of Yredelemnul.
  2486 | D:4      | Found a faded altar of an unknown god.
  2503 | D:4      | Found a faded altar of an unknown god.
  2559 | D:4      | Found a faded altar of an unknown god.
  2560 | D:4      | Found a faded altar of an unknown god.
  2589 | D:4      | Found a staircase to the Ecumenical Temple.
  2598 | Temple   | Entered the Ecumenical Temple
  2686 | Temple   | Became a worshipper of Cheibriados the Contemplative
  2753 | D:4      | Found Xeredat's Jewellery Shoppe.
  2769 | D:4      | Reached XP level 6. HP: 57/61 MP: 5/5
  2913 | D:5      | Entered Level 5 of the Dungeon
  3048 | D:5      | Noticed an ice beast
  3054 | D:5      | Killed an ice beast
  3190 | D:5      | Reached * piety under Cheibriados
  3228 | D:5      | Found a bloodstained altar of Trog.
  3231 | D:5      | Found a deep blue altar of Sif Muna.
  3429 | D:5      | Reached XP level 7. HP: 68/68 MP: 6/6
  4085 | D:6      | Reached ** piety under Cheibriados
  4111 | D:6      | Reached XP level 8. HP: 56/79 MP: 7/7
  4207 | D:6      | Found a stormy altar of Qazlal.
  5070 | D:8      | Reached skill level 5 in Maces & Flails
  5070 | D:8      | Reached skill level 5 in Dodging
  5070 | D:8      | Reached skill level 5 in Shields
  5111 | D:8      | Reached skill level 5 in Fighting
  5121 | D:8      | Found a staircase to the Lair.
  5602 | D:8      | Gained mutation: You have a pair of small antennae on your head. [potion of beneficial mutation]
  5603 | D:8      | Gained mutation: You have a beak for a mouth. [potion of beneficial mutation]
  5609 | D:8      | Reached skill level 1 in Invocations
  5609 | D:8      | Reached XP level 9. HP: 42/88 MP: 8/8
  5817 | D:8      | Noticed a kobold demonologist
  5827 | D:8      | Killed a kobold demonologist
  5848 | D:8      | Reached *** piety under Cheibriados
  5949 | D:8      | You fall through a shaft!
  5982 | D:9      | Noticed a troll
  6000 | D:9      | Killed a troll
  6185 | D:9      | Found a blossoming altar of Fedhas.
  6398 | D:9      | Found an iron altar of Okawaru.
  6492 | D:9      | Noticed Erica
  6510 | D:9      | Lost mutation: You have a pair of small antennae on your head. [potion of cure mutation]
  6510 | D:9      | Lost mutation: You have a beak for a mouth. [potion of cure mutation]
  6527 | D:9      | Killed Erica
  6527 | D:9      | Killed from afar by Erica

Vault maps used:
D:1:      minmay_arrival_up_and_down, minmay_fountain_box
D:2:      tso_metal_star, grunt_ministairs_1, st_stairs_7
D:3:      first_bread, uniq_robin
D:4:      chequers_temple_overflow_minitemple, serial_shops, shop,
          solitary_fountain
D:5:      lemuel_crystal_altar, basic_altar, dk_noncrumbling_4,
          hangedman_abyss_or_decor_jellyfish_corner
D:6:      nicolae_overflow_hidden_temple
D:8:      marbit_many_paths, lair_0_dummy, special_room, grunt_livestock
D:9:      kennysheep_mini, basic_altar, st_stairs_7, uniq_erica
Temple:   nicolae_temple_great_sept

Skill      XL: |  1  2  3  4  5  6  7  8  9 |
---------------+----------------------------+-----
Maces & Flails | 2 3 4 5 6 |  6.3
Dodging        | 3 4 5 6 |  6.0
Fighting       | 3 4 5 6 |  6.1
Shields        | 3 4 5 6 |  6.1
Invocations    | 1 3 |  3.0

Action                   |  1- 3 |  4- 6 |  7- 9 || total
-------------------------+-------+-------+-------++-------
Melee: Flail             |   145 |   207 |   333 ||   685
       Peck              |       |       |    46 ||    46
Invok: Bend Time         |       |       |     3 ||     3
Evoke: Wand              |       |     6 |     9 ||    15
  Use: Scroll            |     1 |     2 |     9 ||    12
       Potion            |       |     1 |    10 ||    11
 Stab: Sleeping          |     1 |     7 |     5 ||    13
  Eat: Chunk             |    20 |    18 |    23 ||    61
Armor: Robe              |    72 |    84 |    72 ||   228
       Troll leather arm |       |       |    14 ||    14
Dodge: Dodged            |    66 |    71 |   129 ||   266
Block: Shield            |    67 |   105 |   209 ||   381
